 Dungeon Crawl Stone Soup version 0.17.0-22-g5edae84 (webtiles) character file.

124646 xeno23 the Stormcaller (level 16, 0/72 HPs)
             Began as a Tengu Air Elementalist on Nov 11, 2015.
             Was the Champion of Vehumet.
             Incinerated by a hell hog (3 damage)
             ... with a sticky flame
             ... on level 1 of the Abyss on Nov 12, 2015.
             The game lasted 04:13:29 (28242 turns).

xeno23 the Stormcaller (Tengu Air Elementalist)    Turns: 28242, Time: 04:13:30

Health: 0/72       AC:  9    Str:  3 (5)  XL:     16   Next: 93%
Magic:  23/23      EV: 29    Int: 19 (22) God:    Vehumet [******]
Gold:   1527       SH:  0    Dex: 16      Spells: 8 memorised, 10 levels left

rFire  + . .     SeeInvis +     l - +8 trident of the Final Chapter {elec, rC+ Int+4}
rCold  + + .     Rnd*Rage +     C - +2 leather armour {rF+}
rNeg   . . .     SustAt   .     (no shield)
rPois  .         Gourm    .     o - +2 hat {rC+}
rElec  .         Spirit   .     y - +1 cloak
rCorr  .         Warding  .     w - +1 pair of gloves
rMut   .         Rnd*Tele +     (boots unavailable)
MR     ++...                    g - amulet of regeneration
Stlth  +.........               N - ring of protection from magic
                                s - ring of see invisible

@: agile, liquid flames, flying quickly and evasively, very slightly
contaminated, glowing, quick, very resistant to hostile enchantments, very
unstealthy
A: beak, talons 3, berserk 3, blurry vision 3, clumsy 2, deformed body,
deterioration 2, dopey 2, frail 3, low mp 3, screaming 3, slow regeneration 2,
teleportitis 1, weak 2, no device heal 2, subdued magic 3, MP-powered wands,
able to fly 2
a: Stop Flying, Renounce Religion


You were on level 1 of the Abyss.
You worshipped Vehumet.
Vehumet was exalted by your worship.
You were not hungry.

You visited 4 branches of the dungeon, and saw 27 of its levels.
You visited the Abyss 1 time.
You also visited: Ossuary and Ice Cave.

You collected 2191 gold pieces.
You spent 664 gold pieces at shops.

Inventory:

Hand Weapons
 l - the +8 trident of the Final Chapter (weapon) {elec, rC+ Int+4}
   (You found it on level 12 of the Dungeon)

   Occasionally, upon striking a foe, it will discharge some electrical energy
   and cause terrible harm.
   It affects your intelligence (+4).
   It protects you from cold.
 B - the +4 great mace of Fedhas's Supremacy {distort, Str-4 Int+2 SInv Stlth+}
   (You found it in an ice cave)

   It warps and distorts space around it.
   Unwielding it can cause banishment or high damage.
   It affects your strength (-4).
   It affects your intelligence (+2).
   It lets you see invisible.
   It makes you more stealthy.
 Z - a +0 blowgun
Missiles
 u - 98 poisoned needles
 X - 6 curare-tipped needles
Armour
 o - a +2 hat of cold resistance (worn)
 w - a +1 pair of gloves (worn)
 x - a +1 shield of cold resistance
 y - a +1 cloak (worn)
 C - a +2 leather armour of fire resistance (worn)
 G - a +2 buckler of reflection
Jewellery
 g - an amulet of regeneration (around neck)
 q - an uncursed amulet of stasis
 s - a ring of see invisible (left hand)
 N - a ring of protection from magic (right hand)
 T - an uncursed ring of ice
Wands
 a - a wand of cold (7)
 f - a wand of fireball (5)
 K - a wand of invisibility (5)
 L - a wand of digging (11)
Scrolls
 b - 3 scrolls of identify
 d - 12 scrolls of remove curse
 e - 3 scrolls of magic mapping
 k - a scroll of amnesia
 p - a scroll of enchant armour
 r - a scroll of brand weapon
 I - 4 scrolls of recharging
 O - a scroll of blinking
 P - 4 scrolls of fog
 S - a scroll of summoning
 U - a scroll of teleportation
Potions
 z - 2 potions of might
 A - a potion of agility
 D - a potion of invisibility
 F - a potion of cure mutation
 Q - 4 potions of brilliance
Books
 i - Sif Muna's Almanac of Cankerous Conjuration
   (You found it on level 1 of the Abyss)

   Spells                             Type                      Level
   a - Magic Dart                     Conjuration                  1
   b - Olgreb's Toxic Radiance        Poison                       4
   c - Alistair's Intoxication        Transmutation/Poison         4
   d - Bolt of Magma                  Conjuration/Fire/Earth       5
   e - Poisonous Cloud                Conjuration/Poison/Air       6
Comestibles
 c - 10 bread rations
 h - 10 royal jellies
 j - 22 fruits
 n - 5 beef jerkies
 E - 2 meat rations


   Skills:
 * Level 13.6 Fighting
 * Level 14.9 Dodging
 - Level 2.0 Stealth
 + Level 11.4 Spellcasting
 + Level 15.0 Conjurations
 - Level 9.1 Ice Magic
 + Level 15.4 Air Magic


You had 10 spell levels left.
You knew the following spells:

 Your Spells              Type           Power        Failure   Level  Hunger
a - Shock                 Conj/Air       ####         0%          1    None
b - Swiftness             Chrm/Air       ###.....     0%          2    None
c - Magic Dart            Conj           ####         0%          1    None
d - Freezing Cloud        Conj/Ice/Air   ###.......   1%          6    ######.
q - Static Discharge      Conj/Air       ####....     0%          3    None
r - Repel Missiles        Chrm/Air       ###...       0%          2    None
w - Lightning Bolt        Conj/Air       ####......   0%          5    ####...
x - Orb of Destruction    Conj           ####......   1%          7    #######


Dungeon Overview and Level Annotations

Branches:
Dungeon (15/15)            Temple (1/1) D:5            Lair (8/8) D:10
 Shoals (0/4) Lair:4       Spider (0/4) Lair:4        Slime (0/6) Lair:6
    Orc (3/4) D:12            Elf (0/3) Orc:3        Vaults (0/5) D:13
 Depths (0/5) D:15

Altars:
Ashenzari
Cheibriados
Dithmenos
Elyvilon
Fedhas
Gozag
Kikubaaqudgha
Makhleb
Nemelex Xobeh
Okawaru
Qazlal
Ru
Sif Muna
Trog
Vehumet
Xom
Yredelemnul
Zin
The Shining One

Shops:
D:7 [   D:8 ?   D:11 *   D:14 %   D:15 %   Orc:1 ?


Innate Abilities, Weirdness & Mutations

You have a beak for a mouth.
You have claws for feet.
You can fly continuously.
[You have an uncontrollable temper.]
[Scrolls take you much longer to read.]
[You are very clumsy. (Dex -4)]
[Armour fits poorly on your strangely shaped body.]
[Your body often deteriorates upon taking damage.]
[You are very dopey. (Int -4)]
[You are extremely frail (-30% HP).]
[Your magical capacity is extremely low (-30% MP).]
[You frequently scream uncontrollably at your foes.]
[You do not regenerate naturally when monsters are visible.]
[You are occasionally teleported to nearby monsters.]
[You are very weak. (Str -4)]
[Potions and wands are poor at restoring your health.]
[Your spells are much easier to cast, but much less powerful.]
[You expend magic power (3 MP) to strengthen your wands.]


Message History

The hell hog misses you.
Read which item? (? for menu, Esc to quit)
Really read with blurry vision while enemies are nearby?
Okay, then.
Drink which item? (? for menu, Esc to quit)
You feel agile all of a sudden.
The hell hog sprays you with burning goo.
The sticky flame hits you!
You are covered in liquid flames!
An iron imp comes into view.
You scream at the iron imp!
You are suddenly pulled into a different region of the Abyss!
You are covered in liquid flames!
* * * LOW HITPOINT WARNING * * *
Drink which item? (? for menu, Esc to quit)
Your magical effects are unravelling.
You feel slightly less contaminated with magical energies.
You feel magically purged.
You are covered in liquid flames!
You die...

# . ## # ##
#... .# # .
.#.#. #.##.
.... #...#
..##
#....#...#...
#...@....#
.......#.#..#
#.###.# ..# #
#.# .## #..
## #.# #.. ..


There were no monsters in sight!

Vanquished Creatures
  Rupert (D:13)
  A tentacled starspawn (Abyss:1)
  A frost giant (IceCv)
  Snorg (D:13)
  An ettin (D:15)
  A vault guard (D:13)
  Josephine (Lair:8)
  Fannar (D:10)
  Harold (D:10)
  12 hydras
  5 catoblepae
  4 centaur warriors
  A tengu warrior (D:13)
  2 ogre magi
  16 death yaks
  A thrashing horror (Abyss:1)
  Sonja (Lair:1)
  A wretched star (Abyss:1)
  3 unseen horrors
  A fire crab (Lair:8)
  9 hill giants
  3 starcursed masses (Abyss:1)
  4 orc knights
  An orb spider (Abyss:1)
  2 orc sorcerers (D:15)
  A griffon (Lair:4)
  9 oklob plants (Lair:4)
  3 wolf spider zombies
  3 necromancers (D:13)
  7 ugly things
  2 wizards
  5 elephants
  A siren (Lair:4)
  9 black mambas
  An octopode (shapeshifter) (D:15)
  Maurice (D:10)
  Joseph (D:8)
  A cyclops (D:13)
  An ice statue (IceCv)
  6 spiny frogs
  A torpor snail (Lair:6)
  12 komodo dragons
  2 yaktaurs
  2 smoke demons (Abyss:1)
  An efreet (D:13)
  A blue devil (Abyss:1)
  A hellwing (Abyss:1)
  A tengu conjurer (D:15)
  5 trolls
  19 blink frogs
  Grinder (D:5)
  15 polar bears
  8 slime creatures
  5 two-headed ogres (D:13)
  A shadow (D:15)
  4 wyverns (D:13)
  4 deep elf magi
  19 humans (D:13)
  4 hungry ghosts (D:12)
  4 wraiths
  Eustachio (D:6)
  75 yaks
  A basilisk (Lair:2)
  8 hippogriffs
  2 wargs
  5 large abominations (Abyss:1)
  3 vampire mosquitoes
  15 wolves
  11 water moccasins
  A mottled dragon (D:13)
  4 sky beasts
  24 orc warriors
  5 phantoms
  2 ice beasts
  12 porcupines
  2 black bears
  9 spiders (Lair:4)
  A wasp (D:9)
  11 ogres
  A centaur (shapeshifter) (D:13)
  2 eyes of draining
  An eye of draining (shapeshifter) (D:15)
  A necrophage (D:9)
  24 centaurs
  4 big kobolds
  20 giant frogs
  18 crocodiles
  Blork the orc (D:6)
  6 killer bees (D:9)
  4 small abominations (Abyss:1)
  5 scorpions
  3 wights (D:7)
  A quasit (Abyss:1)
  An electric eel (Lair:1)
  A human zombie (Ossuary)
  4 crimson imps
  5 centaur zombies
  A giant frog zombie (D:7)
  5 centaur skeletons
  20 jellies
  Crazy Yiuf (D:7)
  13 iguanas
  16 orc priests
  3 giant frog skeletons
  An iron imp (Abyss:1)
  25 orc wizards
  11 worker ants
  13 hounds
  Natasha (twice) (D:2)
  13 sheep
  A hound zombie (D:11)
  3 hound skeletons
  5 mummies (Ossuary)
  2 gnolls (D:5)
  7 adders
  66 river rats
  13 white imps
  7 shadow imps
  An ufetubus (Abyss:1)
  9 oozes
  2 adder skeletons
  6 worms
  7 giant geckos
  113 orcs
  2 gnoll zombies (Ossuary)
  7 goblins
  9 hobgoblins
  10 jackals
  8 quokkas
  A ball python (D:2)
  9 bats
  3 giant cockroaches (D:1)
  A giant gecko skeleton (D:7)
  A giant gecko zombie (D:5)
  6 giant newts
  2 hobgoblin zombies (Ossuary)
  23 kobolds
  2 kobold zombies (Ossuary)
  6 rats
  A spectral orc (D:7)
  8 fungi
  26 plants
1021 creatures vanquished.

Vanquished Creatures (collateral kills)
  A centaur warrior (D:14)
1 creature vanquished.

Vanquished Creatures (others)
  A black mamba (Lair:8)
  An orc wizard (Orc:3)
  5 river rats
  2 orcs
  16 fungi
  15 plants
  9 starspawn tentacles (Abyss:1)
  328 starspawn tentacle segments (Abyss:1)
377 creatures vanquished.

Grand Total: 1399 creatures vanquished

Notes
Turn   | Place    | Note
--------------------------------------------------------------
     0 | D:1      | xeno23 the Tengu Air Elementalist began the quest for the Orb.
     0 | D:1      | Reached XP level 1. HP: 10/10 MP: 4/4
   424 | D:1      | Reached XP level 2. HP: 15/15 MP: 4/6
  1156 | D:2      | Reached XP level 3. HP: 19/19 MP: 5/7
  1189 | D:2      | Noticed Natasha
  1194 | D:2      | Killed Natasha
  1350 | D:2      | Reached XP level 4. HP: 24/24 MP: 3/9
  1424 | D:2      | Noticed Natasha
  1430 | D:2      | Killed Natasha
  1430 | D:2      | Reached skill level 5 in Air Magic
  1557 | D:2      | Learned a level 3 spell: Static Discharge
  1560 | D:2      | Learned a level 2 spell: Swiftness
  1563 | D:2      | Learned a level 2 spell: Repel Missiles
  1706 | D:2      | Found a shadowy altar of Dithmenos.
  2102 | D:3      | Found a radiant altar of Vehumet.
  2104 | D:3      | Found a deep blue altar of Sif Muna.
  2104 | D:3      | Found an ancient bone altar of Kikubaaqudgha.
  2111 | D:3      | Identified Vehumet's Collected Works on Attacks
  2113 | D:3      | Became a worshipper of Vehumet
  2121 | D:3      | Identified Kikubaaqudgha's Guide on Stolen Souls
  2130 | D:3      | Identified Sif Muna's Almanac of Transmigration
  2477 | D:3      | Gained mutation: You can fly. [Tengu growth]
  2477 | D:3      | Reached XP level 5. HP: 24/28 MP: 3/10
  2696 | D:4      | Noticed an ogre
  2783 | D:4      | Found a sparkling altar of Nemelex Xobeh.
  2978 | D:4      | Found a stormy altar of Qazlal.
  2992 | D:4      | Reached XP level 6. HP: 32/32 MP: 7/12
  3006 | D:4      | Reached skill level 6 in Air Magic
  3019 | D:4      | Found an iron altar of Okawaru.
  3279 | D:4      | Killed an ogre
  3279 | D:4      | Reached skill level 5 in Conjurations
  3360 | D:4      | Reached XP level 7. HP: 36/36 MP: 5/14
  3459 | D:4      | Noticed an ogre
  3482 | D:4      | Killed an ogre
  3482 | D:4      | Reached skill level 7 in Air Magic
  3600 | D:4      | Reached * piety under Vehumet
  3600 | D:4      | Offered knowledge of Freeze by Vehumet.
  3729 | D:5      | Entered Level 5 of the Dungeon
  3983 | D:5      | Learned a level 1 spell: Magic Dart
  3989 | D:5      | Learned a level 5 spell: Lightning Bolt
  4021 | D:5      | Found a staircase to the Ecumenical Temple.
  4065 | Temple   | Entered the Ecumenical Temple
  4175 | D:5      | Found a bloodstained altar of Trog.
  4216 | D:5      | Noticed Grinder
  4241 | D:5      | Found a glowing silver altar of Zin.
  4241 | D:5      | Noticed an angel
  4277 | D:6      | Reached XP level 8. HP: 41/41 MP: 10/16
  4324 | D:6      | Reached skill level 8 in Air Magic
  4328 | D:6      | Reached skill level 5 in Spellcasting
  4371 | D:6      | Found a blossoming altar of Fedhas.
  4383 | D:6      | Found a snail-covered altar of Cheibriados.
  4677 | D:6      | Noticed Blork the orc
  4694 | D:6      | Killed Blork the orc
  4922 | D:6      | Found a shadowy altar of Dithmenos.
  4928 | D:6      | Noticed Eustachio
  4936 | D:6      | Killed Eustachio
  4936 | D:6      | Reached skill level 9 in Air Magic
  4969 | D:6      | Reached ** piety under Vehumet
  4982 | D:6      | Offered knowledge of Flame Tongue by Vehumet.
  5230 | D:7      | Reached XP level 9. HP: 38/45 MP: 11/19
  5288 | D:7      | Found a basalt altar of Yredelemnul.
  5637 | D:7      | Found Cycweih's Armour Emporium.
  5670 | D:7      | Reached skill level 10 in Air Magic
  5894 | D:5      | Killed Grinder
  6117 | D:5      | Offered knowledge of Conjure Flame by Vehumet.
  6117 | D:5      | Reached skill level 1 in Fighting
  6768 | D:7      | Reached *** piety under Vehumet
  6898 | D:7      | Noticed Crazy Yiuf
  6903 | D:7      | Killed Crazy Yiuf
  6959 | D:8      | Found a sand-covered staircase.
  6965 | Ossuary  | Entered an ossuary
  7208 | D:8      | Offered knowledge of Fulminant Prism by Vehumet.
  7229 | D:8      | Reached XP level 10. HP: 55/55 MP: 11/21
  7424 | D:8      | Found a deep blue altar of Sif Muna.
  7467 | D:8      | Reached **** piety under Vehumet
  7517 | D:8      | Found Ucuhywe's Magic Scroll Shop.
  7534 | D:8      | Bought a scroll of teleportation for 42 gold pieces
  7534 | D:8      | Bought a scroll of identify for 28 gold pieces
  7534 | D:8      | Bought a scroll of identify for 28 gold pieces
  7534 | D:8      | Bought a scroll of identify for 28 gold pieces
  7534 | D:8      | Bought a scroll of identify for 28 gold pieces
  7577 | D:8      | Noticed Joseph
  7618 | D:8      | Killed Joseph
  7618 | D:8      | Offered knowledge of Fireball by Vehumet.
  7618 | D:8      | Reached skill level 5 in Dodging
  7618 | D:8      | Reached skill level 10 in Conjurations
  7618 | D:8      | Reached skill level 11 in Air Magic
  8518 | D:9      | Found a white marble altar of Elyvilon.
  8823 | D:10     | Entered Level 10 of the Dungeon
  8823 | D:10     | Noticed Harold
  8900 | D:10     | Noticed a hill giant
  8903 | D:10     | Killed a hill giant
  8903 | D:10     | Reached skill level 5 in Fighting
  8908 | D:10     | Noticed Maurice
  9065 | D:10     | HP: 1/59 [wolf (5)]
  9401 | D:10     | Noticed Fannar
  9402 | D:10     | Killed Maurice
  9402 | D:10     | Reached XP level 11. HP: 60/64 MP: 6/23
  9749 | D:10     | Reached ***** piety under Vehumet
  9749 | D:10     | Offered knowledge of Freezing Cloud by Vehumet.
  9839 | D:11     | Noticed a four-headed hydra
  9853 | D:11     | Killed a four-headed hydra
 10012 | D:11     | Found Azaon's Assorted Antiques.
 10053 | D:11     | Bought a scroll of identify for 52 gold pieces
 10053 | D:11     | Bought a scroll labeled POETYUCW IREN for 26 gold pieces
 10199 | D:11     | Noticed a hill giant
 10212 | D:11     | Killed a hill giant
 10253 | D:11     | Reached skill level 12 in Air Magic
 10953 | D:12     | Found a staircase to the Orcish Mines.
 11037 | D:12     | Found a shadowy altar of Dithmenos.
 11145 | D:12     | Noticed a hill giant
 11147 | D:12     | Noticed an unseen horror
 11148 | D:12     | Killed an unseen horror
 11153 | D:12     | Killed a hill giant
 11316 | D:13     | Noticed a hill giant
 11318 | D:13     | Noticed a centaur warrior
 11347 | D:13     | Noticed a centaur warrior
 11357 | D:14     | Reached XP level 12. HP: 27/73 MP: 14/25
 11450 | D:14     | Learned a level 6 spell: Freezing Cloud
 11762 | D:14     | Noticed a tengu warrior
 11764 | D:15     | Entered Level 15 of the Dungeon
 11811 | D:15     | Noticed an ogre mage
 11922 | D:14     | Noticed a centaur warrior
 11935 | D:14     | Killed a centaur warrior
 12020 | D:14     | Noticed a centaur warrior
 12188 | D:14     | Killed a centaur warrior
 12196 | D:14     | Noticed a six-headed hydra
 12289 | D:14     | Noticed a wizard
 12292 | D:14     | Killed a wizard
 12292 | D:14     | Offered knowledge of Throw Icicle by Vehumet.
 12311 | D:13     | Killed a centaur warrior
 12898 | D:4      | Got a pair of ancient gloves
 12909 | D:4      | Identified the +0 pair of gloves "Ytsipoe" {rF- Dex+5} (You found it on level 4 of the Dungeon)
 13343 | D:10     | Killed Fannar
 13403 | D:10     | Found a staircase to the Lair.
 13413 | Lair:1   | Entered Level 1 of the Lair of Beasts
 13648 | Lair:1   | Noticed Sonja
 13651 | Lair:1   | Killed Sonja
 13717 | Lair:1   | Reached skill level 1 in Ice Magic
 13933 | Lair:1   | Reached skill level 13 in Air Magic
 13936 | Lair:1   | Offered knowledge of Bolt of Fire by Vehumet.
 14031 | Lair:1   | Reached skill level 10 in Dodging
 14426 | Lair:2   | Reached XP level 13. HP: 75/80 MP: 5/27
 15880 | Lair:3   | Reached skill level 10 in Fighting
 16128 | Lair:3   | Got a jewelled trident
 16129 | Lair:3   | Identified the +1 trident "Racoicoo" {venom, -Tele Str+6} (You found it on level 3 of the Lair of Beasts)
 16237 | Lair:4   | Found a hole to the Spider Nest.
 17102 | Lair:4   | Reached skill level 5 in Ice Magic
 17155 | Lair:4   | Offered knowledge of Poison Arrow by Vehumet.
 17390 | Lair:4   | Found a staircase to the Shoals.
 17562 | Lair:5   | Gained mutation: You can fly continuously. [Tengu growth]
 17562 | Lair:5   | Reached XP level 14. HP: 73/88 MP: 20/28
 18310 | Lair:6   | Reached skill level 10 in Spellcasting
 18458 | Lair:6   | Upgraded the game from 0.17.0-18-gaab0e96 to 0.17.0-22-g5edae84
 18928 | Lair:6   | Found a staircase to the Slime Pits.
 19774 | Lair:7   | Reached skill level 14 in Air Magic
 20065 | Lair:8   | Entered Level 8 of the Lair of Beasts
 20103 | Lair:8   | Noticed Josephine
 20544 | Lair:8   | Offered knowledge of Spellforged Servitor by Vehumet.
 20679 | Lair:8   | Killed Josephine
 21100 | Lair:8   | Reached XP level 15. HP: 59/96 MP: 18/30
 22111 | D:10     | Killed Harold
 22422 | D:10     | Offered knowledge of Orb of Destruction by Vehumet.
 22439 | D:10     | Learned a level 7 spell: Orb of Destruction
 22887 | D:12     | Got a smoking trident
 22888 | D:12     | Identified the +8 trident of the Final Chapter {elec, rC+ Int+4} (You found it on level 12 of the Dungeon)
 22917 | D:13     | Killed a centaur warrior
 22942 | D:13     | Noticed an ogre mage
 22952 | D:13     | Killed an ogre mage
 23044 | D:13     | Killed a hill giant
 23364 | D:13     | Noticed a tengu warrior
 23421 | D:13     | Noticed a centaur warrior
 23437 | D:13     | Killed a tengu warrior
 23438 | D:13     | Killed a centaur warrior
 23502 | D:13     | Noticed Rupert
 23528 | D:13     | Killed Rupert
 23579 | D:13     | Noticed Snorg
 23703 | D:13     | Noticed a necromancer
 23708 | D:13     | Killed a necromancer
 23729 | D:13     | Noticed a necromancer
 23735 | D:13     | Killed a necromancer
 23779 | D:13     | Found a gate to the Vaults.
 23779 | D:13     | Noticed a necromancer
 23779 | D:13     | Noticed a vault guard
 23784 | D:13     | Killed a necromancer
 23787 | D:13     | Killed a vault guard
 23882 | D:13     | Noticed a hill giant
 23886 | D:13     | Killed a hill giant
 24065 | D:13     | Reached XP level 16. HP: 98/103 MP: 19/31
 24247 | D:13     | Killed Snorg
 24536 | D:14     | Noticed an eight-headed hydra
 24543 | D:14     | Killed an eight-headed hydra
 24581 | D:14     | Killed a six-headed hydra
 24732 | D:14     | Found Deisif's Food Shop.
 24797 | D:14     | Offered knowledge of Bolt of Cold by Vehumet.
 24872 | D:15     | Noticed an ettin
 24877 | D:15     | Killed an ettin
 25040 | D:15     | Noticed an eight-headed hydra
 25046 | D:15     | Killed an eight-headed hydra
 25052 | D:15     | Found an opulent altar of Gozag.
 25075 | D:15     | Reached skill level 15 in Air Magic
 25146 | D:15     | Killed an ogre mage
 25224 | D:15     | Found Nahap's Food Boutique.
 25430 | D:15     | Found a staircase to the Depths.
 25837 | Orc:1    | Entered Level 1 of the Orcish Mines
 26212 | Orc:1    | Found Apasue's Magic Scroll Boutique.
 26223 | Orc:1    | Bought a scroll of blinking for 120 gold pieces
 26223 | Orc:1    | Bought a scroll of teleportation for 48 gold pieces
 26223 | Orc:1    | Bought a scroll of teleportation for 48 gold pieces
 26223 | Orc:1    | Bought a scroll of blinking for 120 gold pieces
 26223 | Orc:1    | Bought a scroll of identify for 32 gold pieces
 26223 | Orc:1    | Bought a scroll of identify for 32 gold pieces
 26223 | Orc:1    | Bought a scroll of identify for 32 gold pieces
 26642 | Orc:3    | Found a staircase to the Elven Halls.
 26668 | Orc:3    | Reached ****** piety under Vehumet
 26671 | Orc:3    | Found a frozen archway.
 26673 | Orc:3    | Offered knowledge of Lehudib's Crystal Spear by Vehumet.
 26673 | Orc:3    | Offered knowledge of Fire Storm by Vehumet.
 26673 | Orc:3    | Offered knowledge of Shatter by Vehumet.
 26724 | IceCv    | Entered an ice cave
 27055 | IceCv    | Got a crude great mace
 27423 | Orc:3    | Identified the +4 great mace of Fedhas's Supremacy {distort, Str-4 Int+2 SInv Stlth+} (You found it in an ice cave)
 27428 | Orc:3    | Cast into the Abyss (a distortion unwield)
 27428 | Abyss:1  | Found a corrupted altar of Lugonu.
 27498 | Abyss:1  | Noticed a tentacled starspawn
 27534 | Abyss:1  | Noticed a tentacled starspawn
 27538 | Abyss:1  | Found a corrupted altar of Lugonu.
 27834 | Abyss:1  | Noticed a tentacled starspawn
 27844 | Abyss:1  | Killed a tentacled starspawn
 27865 | Abyss:1  | Reached skill level 15 in Conjurations
 28044 | Abyss:1  | Noticed a tentacled starspawn
 28044 | Abyss:1  | Identified Sif Muna's Almanac of Cankerous Conjuration (You found it on level 1 of the Abyss)
 28172 | Abyss:1  | Noticed a tentacled starspawn
 28238 | Abyss:1  | HP: 3/72 [burnt (3)]
 28242 | Abyss:1  | Incinerated by a hell hog

Action                   |  1- 3 |  4- 6 |  7- 9 | 10-12 | 13-15 | 16-18 || total
-------------------------+-------+-------+-------+-------+-------+-------++-------
Melee: Unarmed           |    20 |    34 |    11 |       |       |       ||    65
       Short sword       |       |       |    17 |       |       |       ||    17
       Dagger            |       |       |    71 |   239 |   259 |       ||   569
       Falchion          |       |       |       |       |   334 |       ||   334
       Trident           |       |       |       |       |    52 |   306 ||   358
 Cast: Shock             |    59 |   121 |   290 |   383 |   310 |    61 ||  1224
       Repel Missiles    |       |     2 |       |     5 |     1 |     1 ||     9
       Static Discharge  |       |     4 |    26 |    64 |    99 |    21 ||   214
       Swiftness         |       |     1 |     1 |     2 |       |       ||     4
       Lightning Bolt    |       |       |     4 |    80 |   105 |    79 ||   268
       Freezing Cloud    |       |       |       |     6 |    73 |    27 ||   106
       Magic Dart        |       |       |       |     6 |       |       ||     6
       Orb of Destructio |       |       |       |       |       |     9 ||     9
 Abil: Fly               |       |     1 |       |     5 |     2 |       ||     8
Evoke: Wand              |       |       |       |     4 |       |       ||     4
  Use: Scroll            |       |       |       |    24 |    11 |    10 ||    45
       Potion            |       |       |       |     6 |     3 |     8 ||    17
 Stab: Sleeping          |       |       |       |     2 |       |       ||     2
       Distracted        |       |       |       |       |     1 |       ||     1
  Eat: Chunk             |     2 |     8 |    16 |    35 |    63 |    28 ||   152
       Pizza             |       |       |       |     2 |     1 |     1 ||     4
       Meat ration       |       |       |       |     2 |     3 |     2 ||     7
       Bread ration      |       |       |       |     2 |       |       ||     2
       Royal jelly       |       |       |       |     1 |     1 |       ||     2
       Beef jerky        |       |       |       |       |     3 |       ||     3
